 Dungeon Crawl Stone Soup version 0.25-a0-458-g6fc7858b95 (webtiles) character file.

Game seed: 7675834140351021477, levelgen mode: deterministic

529 sking99 the Chiller (level 7, 49/57 HPs)
             Began as a Red Draconian Ice Elementalist on Feb 1, 2020.
             Was a Follower of Dithmenos.
             Quit the game on level 4 of the Dungeon.
             The game lasted 00:10:20 (4866 turns).

sking99 the Chiller (DrIE)                          Turns: 4866, Time: 00:10:20

Health: 49/57      AC:  6    Str: 10    XL:     7   Next: 3%
Magic:  7/11       EV: 12    Int: 17    God:    Dithmenos [*.....]
Gold:   80         SH:  0    Dex: 12    Spells: 4/12 levels left

rFire    + . .     SeeInvis .   t - +0 dagger
rCold    . . .     Gourm    .   (no shield)
rNeg     . . .     Faith    .   (armour unavailable)
rPois    .         Spirit   .   (helmet restricted)
rElec    .         Reflect  .   (no cloak)
rCorr    .         Harm     .   (no gloves)
MR       .....                  (no boots)
Stlth    ++........             (no amulet)
HPRegen  0.19/turn              (no ring)
MPRegen  0.12/turn              (no ring)

@: very slightly contaminated, wreathed by umbra
A: breathe fire, unfitting armour, fire resistance 1, cold-blooded, AC +6
a: Breathe Fire, Renounce Religion


You were on level 4 of the Dungeon.
You worshipped Dithmenos.
Dithmenos was aware of your devotion.
You were near starving.

You visited 1 branch of the dungeon, and saw 4 of its levels.

You collected 80 gold pieces.

Inventory:

Hand Weapons
 t - a +0 dagger (weapon)
Armour
 j - a cursed +0 pair of gloves
Jewellery
 f - an uncursed ring of protection from cold {unknown}
 h - a cursed ring of attention {unknown}
 m - a +2 ring of intelligence {unknown}
 q - an uncursed ring of magical power {unknown}
 s - an uncursed ring of magical power {unknown}
Scrolls
 a - 2 scrolls of amnesia
 c - a scroll of teleportation
 e - 2 scrolls of remove curse {unknown}
 g - a scroll of fear {unknown}
 k - a scroll of fog {unknown}
 o - 2 scrolls of identify {unknown}
Potions
 d - a potion of resistance {unknown}
 i - 2 potions of cancellation {unknown}
 l - 2 potions of invisibility {unknown}
 n - 2 potions of flight {unknown}
 p - a potion of brilliance {unknown}
Comestibles
 b - 6 rations


   Skills:
 + Level 3.5 Fighting
 - Level 2.0 Dodging
 - Level 2.0 Stealth
 - Level 3.0 Spellcasting
 + Level 2.6 Conjurations
 * Level 5.3 Ice Magic


You had 4 spell levels left.
You knew the following spells:

 Your Spells              Type           Power        Failure   Level  Hunger
a - Freeze                Ice            ###.         1%          1    None
b - Ozocubu's Armour      Chrm/Ice       ##......     17%         3    ###....
c - Hailstorm             Conj/Ice       ###.....     32%         4    ####...

Your spell library contained the following spells:

 Spells                   Type           Power        Failure   Level  Hunger
 Summon Ice Beast         Ice/Summ       ##......     50%         4    ####...


Dungeon Overview and Level Annotations

Branches:
Dungeon (4/15)
 Temple: D:4-7

Altars:
Dithmenos
Trog

Annotations:
D:4 Eustachio


Innate Abilities, Weirdness & Mutations

You can breathe blasts of fire.
Your fiery red scales are hard. (AC +6)
You cannot fit into any form of body armour.
Your flesh is heat resistant. (rF+)
You are cold-blooded and may be slowed by cold attacks.


Message History

Aim: an orc priest, wielding a +1 flail of protection (almost dead, umbra)
You miscast Freeze.
You are very lightly contaminated with residual magic.
Nothing appears to happen.
The orc priest hits you but does no damage.
Casting: Freeze (safe; 1% risk of failure)
Confirm with . or Enter, or press ? or * to list all spells.
Aiming: Freeze (safe; 1% risk of failure)
Press: ? - help, Shift-Dir - straight line, f/p - orc priest
Aim: an orc priest, wielding a +1 flail of protection (almost dead, umbra)
You freeze the orc priest!
You kill the orc priest!
Dithmenos accepts your kill.
You have reached level 7!
Your scales start taking on a fiery red colour.
You learn Fire Magic much quicker.
You learn Ice Magic much slower.
Your Ice Magic skill decreases to level 5!
You can breathe blasts of fire.
You feel resistant to heat.
Are you sure you want to abandon this character and quit the game? (Confirm with "yes".)

#... ...#
#... ...#
...# ....
...### ..#
#...#####..
#........
##....#
#.@..#
.......)..#
....##......#
... #.....###
. #.....#
.......#
...###.## ..#
###


There were no monsters in sight!

Vanquished Creatures
  Edmund (D:3)
  An ogre (D:4)
  3 orc priests
  A centaur skeleton (D:4)
  An iguana (D:4)
  An orc wizard (D:4)
  2 worker ants
  4 adders
  A gnoll (D:1)
  2 worms (D:2)
  2 dart slugs
  4 leopard geckos
  4 orcs
  2 ball pythons
  3 giant cockroaches
  5 hobgoblins
  2 kobolds (D:2)
  3 quokkas
  7 bats
  3 frilled lizards
  8 goblins
  5 rats
65 creatures vanquished.

Notes
Turn   | Place    | Note
-------+----------+-------------------------------------------
     0 | D:1      | sking99 the Draconian Ice Elementalist began the quest for
                  | the Orb.
     0 | D:1      | Reached XP level 1. HP: 14/14 MP: 3/3
   273 | D:1      | Reached XP level 2. HP: 20/20 MP: 3/5
   796 | D:1      | Reached XP level 3. HP: 25/27 MP: 1/6
  1198 | D:2      | Reached skill level 1 in Fighting
  1527 | D:2      | Learned a level 3 spell: Ozocubu's Armour
  1577 | D:2      | Found a shadowy altar of Dithmenos.
  1578 | D:2      | Found a bloodstained altar of Trog.
  1606 | D:2      | Became a worshipper of Dithmenos the Shadowed
  2001 | D:2      | Reached XP level 4. HP: 35/35 MP: 3/7
  2602 | D:3      | Learned a level 4 spell: Hailstorm
  3144 | D:3      | Reached skill level 5 in Ice Magic
  3691 | D:4      | Noticed Edmund
  3746 | D:4      | Reached XP level 5. HP: 32/41 MP: 3/9
  3819 | D:4      | Reached skill level 1 in Conjurations
  3993 | D:4      | Noticed an ogre
  4002 | D:4      | Killed an ogre
  4002 | D:4      | Reached XP level 6. HP: 36/50 MP: 2/10
  4128 | D:4      | Noticed Eustachio
  4132 | D:4      | Reached * piety under Dithmenos
  4439 | D:3      | Killed Edmund
  4439 | D:3      | Reached skill level 6 in Ice Magic
  4865 | D:4      | Your scales start taking on a fiery red colour.
  4865 | D:4      | Reduced skill Ice Magic to level 5
  4865 | D:4      | Reached XP level 7. HP: 49/57 MP: 7/11
  4865 | D:4      | Gained mutation: Your flesh is heat resistant. (rF+) [Red
                  | Draconian growth]
  4866 | D:4      | Quit the game

Levels and vault maps discovered:
D:1:      mrwooster_arrival_statue_2, layout_loops_ring, roderic_serpentine_path
D:2:      layout_loops_corners, grunt_temple_overflow_open
D:3:      layout_basic
D:4:      layout_cave_pools, old_standard_altar, gammafunk_ghost_stat_death,
          first_ration, uniq_eustachio, uniq_edmund

Skill      XL: |  1  2  3  4  5  6 |
---------------+-------------------+-----
Dodging        | 2 |  2.0
Stealth        | 2 |  2.0
Fighting       | 1 2 3 |  3.5
Ice Magic      | 5 5 |  5.3
Conjurations   | 1 2 |  2.6
Spellcasting   | 3 |  3.0

Action                   |  1- 3 |  4- 6 |  7- 9 || total
-------------------------+-------+-------+-------++-------
Melee: Unarmed           |     3 |    18 |       ||    21
       Tailslap          |       |     3 |       ||     3
 Cast: Freeze            |    65 |    85 |     1 ||   151
       Ozocubu's Armour  |       |     4 |       ||     4
       Hailstorm         |       |     2 |       ||     2
  Use: Scroll            |       |     2 |       ||     2
  Eat: Chunk             |     4 |     8 |       ||    12
Armor: Skin              |    12 |    34 |       ||    46
Dodge: Dodged            |    35 |    72 |       ||   107

Table legend:
 A = Non-vault XP
 B = Vault XP
 C = Vault XP percentage of total XP
 D = Non-vault monster count
 E = Vault monster count
 F = Vault count percentage of total count
                 A         B        C        D         E       F
            +---------+---------+-------+---------+---------+-------
      Total |     592 |     164 |  21.7 |      64 |       1 |   1.5
            +---------+---------+-------+---------+---------+-------
        D:1 |      41 |       0 |   0.0 |      14 |       0 |   0.0
        D:2 |      59 |       0 |   0.0 |      17 |       0 |   0.0
        D:3 |     122 |     164 |  57.3 |      21 |       1 |   4.5
        D:4 |     370 |       0 |   0.0 |      12 |       0 |   0.0
            +---------+---------+-------+---------+---------+-------
